cohdb
Replays
Latest Replays
All Replays
Popular Replays
Top Player Replays
Match Explorer
How It Works
Community
CoH3 Stats
Reddit
Sign in to upload your games and track your stats! →
Sign in with Steam
Match 41901490
Unlisted
Match 41901490
Overview
Messages
Build Orders
End
Kradschützen Motorcycle Team
Selects Italian Combined Arms Battlegroup
Selects Bersaglieri Squad
Bersaglieri Squad
Bersaglieri Squad
250 Light Carrier
Construct Light Support Kompanie
Bersaglieri Squad
250 Light Carrier
Selects Bersaglieri Bolster
Bersaglieri Squad
Bersaglieri Squad
Selects Breda Model 30 Light Machine Guns
Fire Support Elements
Panzerjäger Mechanized Group
ConcernedApe
벨리칸
XDodongoXLoverX
idontknowhoiam
0
0
Comments
sign in to comment!
No comments posted yet!